 Dungeon Crawl Stone Soup version 0.20-a0-1122-gb7cbeb9 (webtiles) character file.

1704 Ienfield the Slasher (level 9, 0/75 HPs)
             Began as a Hill Orc Fighter on May 13, 2017.
             Succumbed to a killer bee's poison
             ... on level 7 of the Dungeon.
             The game lasted 01:19:26 (4456 turns).

Ienfield the Slasher (Hill Orc Fighter)             Turns: 4456, Time: 01:19:27

Health: 0/75       AC: 11    Str: 22      XL:     9   Next: 3%
Magic:  9/9        EV: 13    Int:  6 (8)  God:
Gold:   284        SH: 11    Dex: 11 (13) Spells: 8/8 levels left

rFire    . . .     SeeInvis .   a - +1 long sword
rCold    . . .     Gourm    .   c - +0 shield
rNeg     . . .     Faith    .   k - +0 chain mail
rPois    .         Spirit   .   (no helmet)
rElec    .         Reflect  .   (no cloak)
rCorr    .         Harm     .   u - +0 pair of gloves {Dex+3}
MR       .....                  (no boots)
Stlth    ..........             b - amulet of inaccuracy
Regen    0.3/turn               r - +5 ring of evasion
MPRegen  0.2/turn               (no ring)

@: lethally poisoned (0 -> -2)
A: screaming 1, sturdy frame 1
a: no special abilities


You were on level 7 of the Dungeon.
You were not hungry.

You visited 1 branch of the dungeon, and saw 8 of its levels.

You collected 284 gold pieces.

Inventory:

Hand Weapons
 a - a +1 long sword (weapon)
 e - a cursed -3 battleaxe
 p - a +0 morningstar
Armour
 c - a +0 shield (worn)
 k - a +0 chain mail (worn)
 u - a +0 pair of gloves of dexterity (worn)
Jewellery
 b - an amulet of inaccuracy (around neck)
 r - a +5 ring of evasion (left hand)
Wands
 i - a wand of random effects (24/48)
 o - a wand of polymorph (11/24)
Scrolls
 d - a scroll of identify
 g - a scroll of enchant weapon
 j - 5 scrolls of teleportation
 t - 2 scrolls of remove curse
Potions
 h - 3 potions of agility
 m - 2 potions of flight
Comestibles
 f - 7 bread rations
 n - 5 fruits
 q - 2 royal jellies
 v - a meat ration


   Skills:
 + Level 6.0 Fighting
 + Level 7.7 Long Blades
 + Level 5.9 Armour
 + Level 1.7 Dodging
 + Level 0.8 Stealth
 + Level 7.1 Shields
 + Level 0.2 Evocations


You had 8 spell levels left.
You didn't know any spells.

Dungeon Overview and Level Annotations

Branches:
Dungeon (8/15)
 Temple: D:4-7         Lair: D:8-11

Altars:
Trog
Uskayaw

Shops:
D:7 *   D:8 =


Innate Abilities, Weirdness & Mutations

You occasionally shout uncontrollably at your foes.
Your movements are slightly less encumbered by armour. (ER -2)


Message History

You feel sick. The killer bee barely misses you.
You riposte.
You slash the killer bee!
You kill the killer bee!
You feel your strength returning.
A sky beast appears from thin air!
Reactivating autopickup.
* * * LOW HITPOINT WARNING * * *
You feel sick.
The jackal bites you but does no damage.
* * * LOW HITPOINT WARNING * * *
You feel sick. You block the jackal's attack.
The sky beast flickers out of sight!
Deactivating autopickup; reactivate with Ctrl-A.
You see here 21 arrows.
* * * LOW HITPOINT WARNING * * *
You feel sick.
The jackal bites you but does no damage.
You enter a teleport trap!
The teleport trap disappears.
Your surroundings suddenly seem different.
You die...

.# #....^.# #.# #.# .#
##..########.# #.# .###
#...........###########.#
...#
#.......................#
...#
#............############
...# #...††.......#
#########'######..# ....#
#..# ##..## ###.#
##.####.@..#
##'######.........#
#.................#
#.................#
##.................#
...................#
..............#....#
...........(#.#....#
##..........#.#....#


There were no monsters in sight!

Vanquished Creatures
  A spriggan (D:7)
  Eustachio (D:5)
  An orc warrior (D:8)
  An ice beast (D:6)
  An ogre (D:5)
  2 bullfrogs
  2 scorpions
  3 killer bees (D:7)
  A howler monkey (D:5)
  A bullfrog zombie (D:7)
  A hound (D:5)
  8 orc wizards
  A bullfrog skeleton (D:5)
  4 orc priests
  4 worker ants
  A hound zombie (D:3)
  7 adders
  3 howler monkey skeletons
  An ooze (D:4)
  2 worms
  3 dart slugs
  3 leopard geckos
  31 orcs
  8 giant cockroaches
  3 goblins
  6 hobgoblins
  7 jackals
  2 quokkas
  A bat (D:1)
  2 frilled lizards
  6 kobolds
  10 rats
128 creatures vanquished.

Notes
Turn   | Place    | Note
-------+----------+-------------------------------------------
     0 | D:1      | Ienfield the Hill Orc Fighter began the quest for the Orb.
     0 | D:1      | Reached XP level 1. HP: 19/19 MP: 1/1
    86 | D:2      | Reached XP level 2. HP: 27/27 MP: 2/2
   434 | D:1      | Reached XP level 3. HP: 18/33 MP: 3/3
   859 | D:2      | Reached XP level 4. HP: 40/40 MP: 4/4
  1522 | D:4      | Reached XP level 5. HP: 46/46 MP: 5/5
  1820 | D:5      | Entered Level 5 of the Dungeon
  2103 | D:4      | Reached XP level 6. HP: 49/52 MP: 6/6
  2338 | D:5      | Reached skill level 5 in Shields
  2609 | D:4      | Reached skill level 5 in Long Blades
  2609 | D:4      | Reached skill level 1 in Dodging
  2609 | D:4      | Reached XP level 7. HP: 7/60 MP: 7/7
  2610 | D:4      | Gained mutation: You occasionally shout uncontrollably at your foes. [potion of mutation]
  2610 | D:4      | Gained mutation: Your movements are slightly less encumbered by armour. (ER -2) [potion of mutation]
  2939 | D:5      | Found a bloodstained altar of Trog.
  2976 | D:5      | Reached skill level 5 in Fighting
  2988 | D:6      | Noticed Eustachio
  3034 | D:5      | Killed Eustachio
  3034 | D:5      | Reached skill level 5 in Armour
  3073 | D:6      | Reached XP level 8. HP: 51/69 MP: 8/8
  3248 | D:6      | Found a hide-covered altar of Uskayaw.
  3490 | D:7      | Noticed a spriggan baker
  3497 | D:7      | Killed a spriggan baker
  4201 | D:8      | Found Woupeipn's Jewellery Boutique.
  4297 | D:7      | Found Ytemp's Assorted Antiques.
  4396 | D:7      | Found a bloodstained altar of Trog.
  4433 | D:7      | Reached XP level 9. HP: 26/75 MP: 9/9
  4447 | D:7      | HP: 3/75 [poisoned by a killer bee]
  4452 | D:7      | HP: 1/75 [poisoned by a killer bee]
  4456 | D:7      | Succumbed to a killer bee's poison

Vault maps used:
D:1:      minmay_arrival_up_and_down, lemuel_flame_loot_1
D:2:      minmay_door_path, minmay_misc_feat_tiny
D:3:      first_bread, st_stairs_13
D:4:      corexii_leaking_fountain
D:5:      basic_altar
D:6:      eat_drink_and_be_merry_uskayaw, uniq_eustachio
D:7:      temple_hall, serial_shops, nicolae_shop_stone, basic_altar, the_bakery
D:8:      serial_shops, shop

Skill      XL: |  1  2  3  4  5  6  7  8 |
---------------+-------------------------+-----
Shields        | 4 5 6 7 |  7.1
Armour         | 4 5 |  5.9
Long Blades    | 3 4 5 6 7 |  7.7
Fighting       | 4 5 6 |  6.0
Dodging        | 1 |  1.7
Stealth        | |  0.8
Evocations     | |  0.2

Action                   |  1- 3 |  4- 6 |  7- 9 || total
-------------------------+-------+-------+-------++-------
Melee: Long sword        |   108 |   307 |   350 ||   765
       Unarmed           |       |     1 |       ||     1
Evoke: Wand              |       |     1 |       ||     1
  Use: Potion            |       |     4 |     8 ||    12
       Scroll            |       |     7 |       ||     7
  Eat: Bread ration      |       |     2 |       ||     2
       Fruit             |       |     1 |       ||     1
       Meat ration       |       |       |     1 ||     1
Armor: Scale mail        |     6 |       |       ||     6
       Chain mail        |    43 |   185 |   132 ||   360
Dodge: Dodged            |    21 |   145 |   147 ||   313
Block: Shield            |    44 |   195 |   185 ||   424
       Rpst.: Long sword |     3 |    48 |    50 ||   101
